 Dungeon Sprint DCSS version 0.17-a0-1528-gfee3901 (webtiles) character file.

49 ztt the Quickloader (level 3, -12/30 HPs)
             Began as a Centaur Hunter on July 15, 2015.
             Mangled by a water elemental (20 damage)
             ... in the Dungeon (Sprint III: "The Ten Rune Challenge").
             The game lasted 00:02:05 (528 turns).

ztt the Quickloader (Centaur Hunter)                 Turns: 528, Time: 00:02:05

Health: -12/30     AC:  4    Str: 15    XL:     3   Next: 51%
Magic:  3/3        EV:  9    Int: 10    God:
Gold:   8          SH:  0    Dex: 11    Spells: 0 memorised, 2 levels left

rFire  . . .     SeeInvis .     a - +1 hand crossbow
rCold  . . .     Clarity  .     d - +0 leather armour
rNeg   . . .     SustAt   .     (no shield)
rPois  .         Gourm    .     (helmet restricted)
rElec  +         Spirit   .     (no cloak)
rCorr  .         Warding  .     (no gloves)
rMut   .         NoTele   +     (no barding)
MR     .....                    (no amulet)
Stlth  +.........               (no ring)
                                l - +4 ring of slaying

@: very quick, not resistant to hostile enchantments, very unstealthy
A: beak, hooves 3, agile 1, deformed body, speed 2, mutation resistance 1,
electricity resistance, tough skin 3
a: no special abilities


You were in the Dungeon.
You were not hungry.

You visited 1 branch You collected 8 gold pieces.

Inventory:

Hand weapons
 a - a +1 hand crossbow (weapon)
 c - a +0 short sword
Missiles
 b - 11 bolts (quivered)
Armour
 d - a +0 leather armour (worn)
Jewellery
 l - a +4 ring of slaying (left hand)
Scrolls
 k - a scroll of blinking
 n - a scroll of holy word
 o - a scroll of identify
 p - a scroll of remove curse
Potions
 f - a potion of curing
 g - a potion of heal wounds
 h - a potion of haste
 i - 2 potions of magic
 j - a potion of berserk rage
 q - 2 potions of cure mutation
 r - 3 potions of flight
 u - a potion of brilliance {unknown}
Comestibles
 e - 2 bread rations
 t - a meat ration


   Skills:
 + Level 2.5 Fighting
 + Level 8.5 Crossbows
 + Level 0.1 Armour
 + Level 1.8 Dodging
 + Level 0.5 Stealth


You had 2 spell levels left.
You didn't know any spells.

Dungeon Overview and Level Annotations

Branches:
Dungeon (1/1)

Altars:


Innate Abilities, Weirdness & Mutations

You have hooves in place of feet.
Armour fits poorly on your strangely shaped body.
You cover ground very quickly.
You have extremely tough skin (AC +3).
You have a beak for a mouth.
You are agile. (Dex +2)
You are somewhat resistant to further mutation.
You are resistant to electric shocks.


Message History

Okay, then.
Firing (i - inventory):
b - 14 bolts (quivered)
Press: ? - help, Shift-Dir - straight line, f/p - water elemental
Aim: a water elemental (lightly damaged)
You shoot a bolt.
The bolt barely misses the water elemental.
Firing (i - inventory):
b - 13 bolts (quivered)
Press: ? - help, Shift-Dir - straight line, f/p - water elemental
Aim: a water elemental (lightly damaged)
You shoot a bolt.
The bolt closely misses the water elemental.
Firing (i - inventory):
b - 12 bolts (quivered)
Press: ? - help, Shift-Dir - straight line, f/p - water elemental
Aim: a water elemental (lightly damaged)
You shoot a bolt.
The bolt hits the water elemental but does no damage.
The water elemental is lightly damaged.
The water elemental hits you!!
Ouch! That really hurt!
You die...

▓▓▓▓▓▓▓▓▓ ▓▓
▓@..#...#### ##.
▓E..#......#####..
▓.(##....[..#..#..
▓##.##.##...#..#..
##(##.###E.##'#.(
▓#.####E##..###...
▓.###..##..####...
▓#.....##..###(...
###..##...##.....


You could see a water elemental.

Vanquished Creatures
  Jessica (D)
  A human (D)
  A phantom (D)
  2 rats (D)
5 creatures vanquished.

Vanquished Creatures (others)
  2 draconian scorchers (D)
  A yaktaur (D)
  5 plants (D)
8 creatures vanquished.

Grand Total: 13 creatures vanquished

Notes
Turn   | Place    | Note
--------------------------------------------------------------
     0 | D        | ztt the Centaur Hunter began the quest for the Orb.
     0 | D        | Reached XP level 1. HP: 17/17 MP: 1/1
    23 | D        | Noticed Jessica
    25 | D        | Killed Jessica
    25 | D        | Reached skill level 7 in Crossbows
    25 | D        | Reached XP level 2. HP: 24/24 MP: 2/2
    63 | D        | Reached skill level 8 in Crossbows
    63 | D        | Reached XP level 3. HP: 27/30 MP: 3/3
   167 | D        | Killed a white draconian scorcher
   175 | D        | Killed a white draconian scorcher
   296 | D        | Killed a yaktaur
   450 | D        | Gained mutation: You have a beak for a mouth. [potion of mutation]
   450 | D        | Gained mutation: You are frail (-10% HP). [potion of mutation]
   450 | D        | Lost mutation: You are frail (-10% HP). [potion of mutation]
   451 | D        | Gained mutation: You are resistant to electric shocks. [potion of mutation]
   451 | D        | Gained mutation: You are agile. (Dex +2) [potion of mutation]
   451 | D        | Gained mutation: You are somewhat resistant to further mutation. [potion of mutation]
   485 | D        | Noticed a water elemental
   528 | D        | Mangled by a water elemental

Vault maps used:
D:        dungeon_sprint_mu

Action                   || total
-------------------------++-------
 Fire: Hand crossbow     ||    26
  Use: Scroll            ||     4
       Potion            ||     3
